 Dungeon Crawl Stone Soup version 0.23-a0-760-g92239d2 (webtiles) character file.

125 SmSkdm the Insei (level 5, -1/34 HPs)
             Began as a Kitsune Transmuter on May 9, 2019.
             Slain by a gnoll
             ... wielding a +0 whip
              (8 damage)
             ... on level 4 of the Dungeon.
             The game lasted 00:14:43 (4460 turns).

SmSkdm the Insei (Kitsune Transmuter)               Turns: 4460, Time: 00:14:43

Health: -1/34      AC:  2    Str:  8    XL:     5   Next: 30%
Magic:  19/19      EV: 12    Int: 22    God:
Gold:   111        SH:  0    Dex: 16    Spells: 2/10 levels left

rFire    . . .     SeeInvis .     - Unarmed
rCold    . . .     Gourm    .   (no shield)
rNeg     . . .     Faith    .   b - +0 robe
rPois    .         Spirit   .   (helmet restricted)
rElec    .         Reflect  .   (no cloak)
rCorr    .         Harm     .   (no gloves)
MR       .....                  (no boots)
Stlth    +.........             (no amulet)
HPRegen  0.11/turn              m - ring of magical power
MPRegen  0.16/turn              (no ring)

@: brilliant, lethally poisoned (-1 -> -12)
A: charm monsters, no helmets, claws 1
a: Charm Monsters


You were on level 4 of the Dungeon.
You were not hungry.

You visited 1 branch of the dungeon, and saw 4 of its levels.

You collected 111 gold pieces.

Inventory:

Missiles
 a - 43 arrows
Armour
 b - a +0 robe (worn)
Jewellery
 m - a ring of magical power (left claw)
Wands
 f - a wand of paralysis (9)
Scrolls
 e - a scroll of blinking
 h - 2 scrolls of remove curse
 i - 2 scrolls of amnesia {unknown}
 k - 2 scrolls of immolation {unknown}
 p - 2 scrolls of teleportation {unknown}
Potions
 g - 2 potions of cancellation
 j - a potion of brilliance
 l - a potion of curing {unknown}
 n - a potion of mutation {unknown}
 o - a potion of agility {unknown}
Comestibles
 d - 5 rations


   Skills:
 + Level 2.0 Fighting
 - Level 1.7 Dodging
 + Level 3.4 Unarmed Combat
 + Level 3.4 Spellcasting
 + Level 3.2 Transmutations


You had 2 spell levels left.
You knew the following spells:

 Your Spells              Type           Power        Failure   Level  Hunger
a - Beastly Appendage     Tmut           ####..       1%          1    None
b - Sticks to Snakes      Tmut           ####....     1%          2    ##.....
c - Blade Hands           Tmut           ####......   10%         5    ######.

Your spell library contained the following spells:

 Spells                   Type           Power        Failure   Level  Hunger
 Spider Form              Tmut/Pois      ###.......   2%          3    ###....
 Ice Form                 Ice/Tmut       ###.....     7%          4    ####...


Dungeon Overview and Level Annotations

Branches:
Dungeon (4/15)
 Temple: D:4-7

Altars:

Annotations:
D:4 1 transporter, soadsod's ghost, amateur OCAE


Innate Abilities, Weirdness & Mutations

You can charm monsters.
You have fox ears (no helmets).
You have sharp fingernails.


Message History

You feel sick. The gnoll misses you. The gnoll completely misses you.
You feel sick.
The gnoll hits you from afar with a +1 spear of venom.
You are more poisoned.
You feel sick. The gnoll hits you with a +0 flail.
* * * LOW HITPOINT WARNING * * *
There is an open translucent door here.
You feel less exhausted.
* * * LOW HITPOINT WARNING * * *
You feel sick.
You see here 12 gold pieces.
It was a potion of cancellation.
You feel magically purged.
Your magical contamination has completely faded away.
* * * LOW HITPOINT WARNING * * *
You feel sick.
It was a potion of brilliance.
You feel clever all of a sudden.
* * * LOW HITPOINT WARNING * * *
You feel sick. The gnoll closely misses you. The gnoll hits you with a +0 whip!
You die...

#..≈≈.#..#P.P#.©#.≈≈.##
#..≈≈.##.##.##.##.≈≈..###
#..≈≈..#.#P.P#W#.......(.
#..≈≈.©#.'.©W'.#©....#
#..≈≈..#.#8⌠8#)#.....#
#..≈≈.##.#####.##.≈≈.#
#..≈≈.#..#=:$#..#.≈≈.######
#..≈≈.##.#...#.##.≈≈.......
##.≈≈..#g#@g$#.#..≈≈..#####
#.≈≈###W##g##.###≈≈..#
#.≈≈#.....gg....#≈≈..#
#.≈≈##.###.###.##≈≈..#
#.≈≈#..#8###8#.g#≈≈..#
#.≈≈####.....####≈≈..#
#.≈≈≈≈≈≈≈≈≈≈≈≈≈≈≈≈≈..#
#.≈≈≈≈≈≈≈≈≈≈≈≈≈≈≈≈≈..#
#...................##


You could see a gnoll shaman, soadsod's ghost and 4 gnolls.

Vanquished Creatures
  A worker ant (D:4)
  A gnoll (D:4)
  2 adders
  An ooze (D:1)
  2 worms (D:2)
  4 dart slugs (D:1)
  2 leopard geckos (D:2)
  4 orcs (D:3)
  A ball python (D:2)
  3 bats
  2 giant cockroaches
  6 hobgoblins
  2 jackals (D:1)
  8 kobolds
  A quokka (D:3)
  6 frilled lizards
  4 goblins
  13 rats
63 creatures vanquished.

Vanquished Creatures (collateral kills)
  3 orcs (D:3)
  A giant cockroach (D:2)
4 creatures vanquished.

Grand Total: 67 creatures vanquished

Notes
Turn   | Place    | Note
-------+----------+-------------------------------------------
     0 | D:1      | SmSkdm the Kitsune Transmuter began the quest for the Orb.
     0 | D:1      | Reached XP level 1. HP: 12/12 MP: 3/3
   291 | D:1      | Reached XP level 2. HP: 12/18 MP: 3/5
   311 | D:1      | Reached skill level 1 in Fighting
   829 | D:1      | Reached XP level 3. HP: 23/23 MP: 5/7
  1624 | D:2      | Reached XP level 4. HP: 12/28 MP: 6/8
  3194 | D:3      | Reached XP level 5. HP: 31/34 MP: 9/9
  4124 | D:4      | Learned a level 2 spell: Sticks to Snakes
  4130 | D:4      | Learned a level 5 spell: Blade Hands
  4329 | D:4      | Identified the cursed +0 scale mail of Follow the Leader
                  | {Str+2}
  4329 | D:4      | Identified the +1 buckler of Gozag's Displeasure {MR++}
  4390 | D:4      | Noticed soadsod's ghost (amateur OCAE)
  4407 | D:4      | Found a transporter.
  4413 | D:4      | Found a transporter.
  4460 | D:4      | Slain by a gnoll

Vault maps used:
D:1:      saegor_arrival_simple_b
D:2:      kb_forest_paths, serial_bayou_crossing
D:3:      first_ration
D:4:      gammafunk_ghost_gnarly_gnolls, uniq_ijyb

Skill      XL: |  1  2  3  4  5 |
---------------+----------------+-----
Fighting       | 1 2 |  2.0
Unarmed Combat | 3 |  3.4
Spellcasting   | 3 |  3.4
Transmutations | 3 |  3.2
Dodging        | |  1.7

Action                   |  1- 3 |  4- 6 || total
-------------------------+-------+-------++-------
Melee: Unarmed           |   103 |    89 ||   192
       Headbutt          |     4 |       ||     4
       Kick              |     4 |     2 ||     6
 Cast: Beastly Appendage |     8 |     3 ||    11
 Abil: Charm Monsters    |     8 |     5 ||    13
  Use: Scroll            |       |     4 ||     4
       Potion            |       |     2 ||     2
 Stab: Sleeping          |     2 |     2 ||     4
       Betrayed ally     |       |     1 ||     1
  Eat: Chunk             |     2 |     6 ||     8
       Ration            |       |     1 ||     1
Armor: Robe              |    16 |     8 ||    24
Dodge: Dodged            |    55 |    41 ||    96

Table legend:
 A = Non-vault XP
 B = Vault XP
 C = Vault XP percentage of total XP
 D = Non-vault monster count
 E = Vault monster count
 F = Vault count percentage of total count
                 A         B        C        D         E       F
            +---------+---------+-------+---------+---------+-------
      Total |     166 |      13 |   7.3 |      58 |       6 |   9.4
            +---------+---------+-------+---------+---------+-------
        D:1 |      52 |       0 |   0.0 |      26 |       0 |   0.0
        D:2 |      27 |      13 |  32.5 |       7 |       6 |  46.2
        D:3 |      53 |       0 |   0.0 |      24 |       0 |   0.0
        D:4 |      34 |       0 |   0.0 |       1 |       0 |   0.0
            +---------+---------+-------+---------+---------+-------
